 Dungeon Crawl Stone Soup version 0.29.0-4-gdea44cf6ec (webtiles) character file.

Game seed: 10724060816103386749

3351 qw the Cleaver (level 10, -12/59 HPs)
             Began as a Tengu Warper on Aug 28, 2022.
             Was a Follower of Okawaru.
             Mangled by a death yak (16 damage)
             ... on level 8 of the Dungeon.
             The game lasted 00:00:59 (9143 turns).

qw the Cleaver (Tengu Warper)                       Turns: 9143, Time: 00:00:59

Health: -12/59     AC: 12    Str: 15    XL:     10   Next: 3%
Magic:  3/4        EV: 17    Int: 15    God:    Okawaru [*.....]
Gold:   384        SH:  0    Dex: 19    Spells: 13/13 levels left

rFire   . . .      SeeInvis .   Y - +0 war axe (antimagic)
rCold   . . .      Faith    .   (no shield)
rNeg    . . .      Spirit   .   f - +0 chain mail
rPois   .          Reflect  .   (helmet restricted)
rElec   .          Harm     .   c - +0 cloak
rCorr   .          Rampage  .   (no gloves)
Will    .....                   (boots unavailable)
Stlth   ..........              (no amulet)
HPRegen 0.19/turn               n - +6 ring of dexterity
MPRegen 0.09/turn               p - +4 ring of evasion

@: about to teleport, heroic, flying quickly and evasively, quick
A: beak, talons 3, nimble flight
a: Renounce Religion, Heroism


You were on level 8 of the Dungeon.
You worshipped Okawaru.
Okawaru was aware of your devotion.
You visited 2 branches of the dungeon, and saw 9 of its levels.

You collected 432 gold pieces.
You spent 48 gold pieces at shops.


Innate Abilities, Weirdness & Mutations

You have a beak for a mouth.
You have claws for feet.
Your magical nature lets you fly swiftly and evasively.


   Skills:
 + Level 5.4(10.4) Fighting
 - Level 12.0(17.0) Axes
 - Level 1.0(6.0) Throwing
 - Level 4.2(9.2) Armour
 - Level 4.1(9.1) Dodging
 - Level 2.0 Spellcasting
 - Level 2.4 Translocations
 - Level 4.0 Invocations


You had 13 spell levels left.
You didn't know any spells.
Your spell library contained the following spells:

 Spells                   Type           Power      Damage    Failure   Level
 Blink                    Tloc           16%        N/A       86%         2
 Gell's Gravitas          Tloc           8%         N/A       97%         3
 Lesser Beckoning         Tloc           8%         N/A       97%         3
 Teleport Other           Tloc           8%         N/A       97%         3
 Manifold Assault         Tloc           8%         N/A       100%        5

Inventory:

Hand Weapons
 q - a +4 flail of protection
 Y - a +0 antimagic war axe (weapon)
Missiles
 s - 4 boomerangs (quivered)
Armour
 c - a +0 cloak (worn)
 f - a +0 chain mail (worn)
Jewellery
 n - a +6 ring of dexterity (left hand)
 p - a +4 ring of evasion (right hand)
Scrolls
 h - a scroll of teleportation
 l - a scroll of identify
Potions
 a - a potion of haste
 d - a potion of cancellation
 g - 4 potions of curing
 i - 2 potions of heal wounds
 k - a potion of might
 m - a potion of flight {unknown}
 o - a potion of invisibility {unknown}

Dungeon Overview and Level Annotations

Branches:
Dungeon (8/15)             Temple (1/1) D:5
   Lair: D:8-11

Altars:
Ashenzari
Cheibriados
Dithmenos
Fedhas
Gozag
Hepliaklqana
Kikubaaqudgha
Makhleb
Nemelex Xobeh
Okawaru
Ru
Sif Muna
Trog
Uskayaw
Vehumet
Wu Jian
Xom
Zin
The Shining One

Shops:
D:2 ![

Annotations:
D:4 1 runed translucent door, qw's ghost, amateur TeWr


Message History

Things that are here:
a +0 short sword; 2 poisoned darts
Found an escape hatch in the ceiling.
A death yak comes into view.
The death yak bellows!
You hear a bellow! x2
9131 ||| INVOKING Heroism.
You gain the combat prowess of a mighty hero.
A death yak comes into view.
Throw: 4 boomerangs
Press: ? - help, Q - select action Shift-Dir - straight line, f - death yak You throw a boomerang.
The boomerang hits the death yak.
The death yak is lightly wounded.
A yak comes into view.
9133 ||| Stepping ~*~*~tactically~*~*~ (stealth).
A death yak is nearby!
You hit the death yak.
You peck the death yak, but do no damage.
The death yak is lightly wounded.
The death yak barely misses you.
You hit the death yak. You claw the death yak. Your peck misses the death yak.
The death yak is lightly wounded.
You hit the death yak.
You peck the death yak, but do no damage.
The death yak is lightly wounded.
You hit the death yak but do no damage. You hit the death yak.
Your kick misses the death yak.
The death yak is moderately wounded.
You hit the death yak but do no damage. The death yak misses you.
The death yak gores you!!
You hit the death yak.
The death yak is moderately wounded.
You hit the death yak but do no damage. The death yak gores you!
The death yak gores you!!
You hear a bellow!
9143 ||| READING 2 scrolls of teleportation.
As you read the scroll of teleportation, it crumbles to dust.
You feel strangely unstable.
You hear a bellow!
You hear a shout! x3
The death yak gores you!
You die...

#......#.#
#......#.#
#......#.#
#......#.######
#...)..........
#...)..........
##<####........
######.......<
#@Y.........
#Y######....
.Y......#~~~~
.#..
Y.Y#.##.#~~~~#
# . # #.##~~~#.
#.###~~#.# ###
###... ..


You could see 2 death yaks.

Vanquished Creatures
  Pikel (D:5)
  A kobold demonologist (D:7)
  A wyvern (D:7)
  A water moccasin (D:5)
  Duvessa (D:7)
  2 sky beasts (D:7)
  A black bear (D:4)
  An ogre (D:4)
  4 ice beasts
  2 centaurs (D:7)
  A lemure (D:5)
  A phantom (D:5)
  3 kobold brigands
  Blork the orc (D:4)
  A necrophage (D:6)
  2 bullfrogs
  Dowan (D:7)
  2 jellies
  5 orc priests
  3 hounds
  3 iguanas
  2 orc wizards (D:7)
  Robin (D:4)
  8 adders
  8 gnolls
  A shadow imp (D:5)
  A white imp (D:5)
  2 ufetubi
  2 worms
  A dart slug (D:4)
  13 orcs
  6 endoplasms
  10 giant cockroaches
  17 goblins
  12 hobgoblins
  7 jackals
  25 kobolds
  2 quokkas
  7 ball pythons
  3 bats
  3 frilled lizards
  8 rats
177 creatures vanquished.

Notes
Turn   | Place    | Note
-------+----------+-------------------------------------------
     0 | D:1      | qw the Tengu Warper began the quest for the Orb.
     0 | D:1      | Reached XP level 1. HP: 12/12 MP: 4/4
     0 | D:1      | 0 ||| qw: Version: 0.1-a-89-g26bdef1
     0 | D:1      | 0 ||| qw: Game counter: 3291
     0 | D:1      | 0 ||| qw: Always use a shield: true
     0 | D:1      | 0 ||| qw: God list: Okawaru
     0 | D:1      | 0 ||| qw: Allow faded altars: false
     0 | D:1      | 0 ||| qw: Do Orc after D:15 true
     0 | D:1      | 0 ||| qw: Do second Lair branch before Depths: true
     0 | D:1      | 0 ||| qw: Lair rune preference: random
     0 | D:1      | 0 ||| qw: Plans: Normal
     0 | D:1      | 0 ||| PLANNING D:1-11
   208 | D:1      | 208 ||| Stepping ~*~*~tactically~*~*~ (stealth).
   214 | D:1      | Reached XP level 2. HP: 17/17 MP: 6/6
   248 | D:1      | Reached skill level 3 in Axes
   715 | D:1      | 715 ||| Stepping ~*~*~tactically~*~*~ (stealth).
   717 | D:1      | 717 ||| Stepping ~*~*~tactically~*~*~ (stealth).
   959 | D:1      | 959 ||| READING scroll labelled NIMEGA NYAMAUJ.
   960 | D:1      | 960 ||| READING scroll labelled GIPTUZX SIQUWI.
   961 | D:1      | 961 ||| READING scroll labelled FOL BIRYBB.
   962 | D:1      | 962 ||| DROPPING scroll of blinking.
   963 | D:1      | 963 ||| Stepping randomly (stuck).
   964 | D:1      | 964 ||| Stepping ~*~*~tactically~*~*~ (cloud).
   970 | D:1      | HP: 4/17 [poisoned by you (poison gas)]
  1264 | D:2      | Identified the +7 hand axe of Faetzaxuwk {antimagic, rElec}
  1266 | D:2      | 1266 ||| SWAPPING to +7 hand axe of Faetzaxuwk {antimagic,
                  | rElec}.
  1267 | D:2      | 1267 ||| DROPPING +0 hand axe.
  1290 | D:2      | 1290 ||| Stepping ~*~*~tactically~*~*~ (stealth).
  1292 | D:2      | 1292 ||| Stepping ~*~*~tactically~*~*~ (stealth).
  1302 | D:2      | Found Misu's Antique Armour Boutique.
  1312 | D:2      | 1312 ||| SHOPLISTING chain mail (103 gold, have 77).
  1312 | D:2      | 1312 ||| SHOPLISTING cloak (103 gold, have 77).
  1312 | D:2      | 1312 ||| SHOPLISTING embroidered robe (85 gold, have 77).
  1312 | D:2      | 1312 ||| SHOPLISTING obsidian-studded ring mail (207 gold,
                  | have 77).
  1312 | D:2      | 1312 ||| SHOPLISTING runed kite shield (172 gold, have 77).
  1330 | D:2      | 1330 ||| Stepping ~*~*~tactically~*~*~ (stealth).
  1335 | D:2      | Reached XP level 3. HP: 21/21 MP: 2/7
  1396 | D:2      | Reached skill level 4 in Axes
  1491 | D:2      | Found a faded altar of an unknown god.
  1507 | D:2      | 1507 ||| Stepping ~*~*~tactically~*~*~ (stealth).
  1537 | D:2      | 1537 ||| DROPPING +0 club.
  1540 | D:2      | 1540 ||| Stepping ~*~*~tactically~*~*~ (stealth).
  1543 | D:2      | 1543 ||| Stepping ~*~*~tactically~*~*~ (stealth).
  1731 | D:2      | Found Raoruc's Distillery.
  1739 | D:2      | 1739 ||| SHOPLISTING potion of experience (600 gold, have
                  | 93).
  1739 | D:2      | 1739 ||| BUYING potion of might (48 gold).
  1739 | D:2      | Bought a potion of might for 48 gold pieces
  1739 | D:2      | 1739 ||| SHOPLISTING potion of resistance (120 gold, have
                  | 45).
  2017 | D:2      | 2017 ||| UPGRADING to +0 ring mail.
  2027 | D:2      | 2027 ||| DROPPING +0 leather armour.
  2028 | D:2      | 2028 ||| UPGRADING to +0 chain mail.
  2038 | D:2      | 2038 ||| DROPPING +0 ring mail.
  2039 | D:2      | 2039 ||| UPGRADING to amulet of guardian spirit.
  2044 | D:2      | 2044 ||| READING scroll labelled OSI TIKOSKONIN.
  2048 | D:2      | 2048 ||| READING scroll labelled GELORE ZIQO.
  2049 | D:2      | 2049 ||| READING scroll labelled WIHEITHRAIFF.
  2126 | D:3      | 2126 ||| Stepping ~*~*~tactically~*~*~ (stealth).
  2136 | D:3      | 2136 ||| FLEEEEING.
  2137 | D:3      | 2137 ||| FLEEEEING.
  2138 | D:3      | 2138 ||| FLEEEEING.
  2139 | D:3      | 2139 ||| FLEEEEING.
  2140 | D:3      | 2140 ||| FLEEEEING.
  2141 | D:3      | 2141 ||| FLEEEEING.
  2142 | D:3      | 2142 ||| FLEEEEING.
  2143 | D:3      | 2143 ||| FLEEEEING.
  2144 | D:3      | 2144 ||| FLEEEEING.
  2145 | D:3      | 2145 ||| FLEEEEING.
  2146 | D:3      | 2146 ||| FLEEEEING.
  2147 | D:3      | 2147 ||| FLEEEEING.
  2148 | D:3      | 2148 ||| FLEEEEING.
  2149 | D:3      | 2149 ||| STAIRDANCE
  2290 | D:3      | Reached XP level 4. HP: 26/26 MP: 2/8
  2795 | D:3      | Found a sparkling altar of Nemelex Xobeh.
  2879 | D:3      | Reached skill level 5 in Axes
  3252 | D:3      | 3252 ||| DRINKING 2 glowing puce potions.
  3463 | D:4      | Noticed Robin
  3464 | D:4      | 3464 ||| Stepping ~*~*~tactically~*~*~ (hiding).
  3479 | D:4      | Gained mutation: Your magical nature lets you fly swiftly
                  | and evasively. [Tengu growth]
  3479 | D:4      | Reached XP level 5. HP: 24/30 MP: 1/9
  3479 | D:4      | Killed Robin
  3582 | D:4      | 3582 ||| Stepping ~*~*~tactically~*~*~ (hiding).
  3707 | D:4      | Reached skill level 6 in Axes
  3709 | D:4      | 3709 ||| DROPPING +0 whip.
  3728 | D:4      | Noticed a black bear
  3731 | D:4      | Killed a black bear
  3732 | D:4      | Reached skill level 3 in Armour
  3732 | D:4      | Reached XP level 6. HP: 35/35 MP: 3/10
  3814 | D:4      | 3814 ||| Stepping ~*~*~tactically~*~*~ (hiding).
  3815 | D:4      | 3815 ||| Stepping ~*~*~tactically~*~*~ (hiding).
  3932 | D:4      | Noticed Blork the orc
  3939 | D:4      | Killed Blork the orc
  3940 | D:4      | Reached skill level 7 in Axes
  4025 | D:4      | 4025 ||| SWAPPING to +0 war axe.
  4027 | D:4      | 4027 ||| DROPPING +7 hand axe of Faetzaxuwk {antimagic,
                  | rElec}.
  4381 | D:4      | Noticed qw's ghost (amateur TeWr)
  4387 | D:4      | Found a runed translucent door.
  4488 | D:4      | 4488 ||| UPGRADING to +0 cloak.
  4493 | D:4      | 4493 ||| UPGRADING to +6 ring of dexterity.
  4494 | D:4      | 4494 ||| UPGRADING to +4 ring of evasion.
  4542 | D:5      | Entered Level 5 of the Dungeon
  4543 | D:5      | 4543 ||| PLANNING SEWER
  4547 | D:5      | 4547 ||| STAIRDANCE
  4551 | D:4      | Reached XP level 7. HP: 40/40 MP: 11/11
  4641 | D:5      | 4641 ||| STAIRDANCE
  4744 | D:5      | Reached skill level 3 in Fighting
  4756 | D:5      | 4756 ||| FLEEEEING.
  4757 | D:5      | 4757 ||| FLEEEEING.
  4758 | D:5      | 4758 ||| FLEEEEING.
  4759 | D:5      | 4759 ||| FLEEEEING.
  4760 | D:5      | 4760 ||| FLEEEEING.
  4761 | D:5      | 4761 ||| STAIRDANCE
  4988 | D:5      | 4988 ||| FLEEEEING.
  4989 | D:5      | 4989 ||| FLEEEEING.
  4990 | D:5      | 4990 ||| STAIRDANCE
  5180 | D:5      | 5180 ||| RIP SEWER
  5187 | D:5      | 5187 ||| PLANNING D:1-11
  5199 | D:5      | 5199 ||| DROPPING +0 flail.
  5215 | D:5      | Reached skill level 8 in Axes
  5422 | D:5      | 5422 ||| Stepping ~*~*~tactically~*~*~ (stealth).
  5424 | D:5      | Noticed Pikel
  5430 | D:5      | 5430 ||| Stepping ~*~*~tactically~*~*~ (stealth).
  5440 | D:5      | 5440 ||| Stepping ~*~*~tactically~*~*~ (stealth).
  5449 | D:5      | Killed Pikel
  5450 | D:5      | Reached skill level 10 in Axes
  5450 | D:5      | Reached XP level 8. HP: 22/46 MP: 5/12
  5479 | D:5      | 5479 ||| FLEEEEING.
  5489 | D:5      | 5489 ||| STAIRDANCE
  5961 | D:5      | 5961 ||| Stepping ~*~*~tactically~*~*~ (stealth).
  5962 | D:5      | 5962 ||| Stepping ~*~*~tactically~*~*~ (stealth).
  5968 | D:5      | 5968 ||| Stepping ~*~*~tactically~*~*~ (stealth).
  5999 | D:5      | 5999 ||| Stepping ~*~*~tactically~*~*~ (stealth).
  6002 | D:5      | 6002 ||| Stepping ~*~*~tactically~*~*~ (stealth).
  6059 | D:5      | 6059 ||| Stepping ~*~*~tactically~*~*~ (stealth).
  6060 | D:5      | 6060 ||| Stepping ~*~*~tactically~*~*~ (stealth).
  6078 | D:5      | 6078 ||| Stepping ~*~*~tactically~*~*~ (stealth).
  6109 | D:5      | Reached skill level 3 in Dodging
  6224 | D:5      | Found a staircase to the Ecumenical Temple.
  6225 | D:5      | 6225 ||| PLANNING TEMPLE
  6231 | Temple   | Entered the Ecumenical Temple
  6251 | Temple   | Became a worshipper of Warmaster Okawaru
  6252 | Temple   | 6252 ||| REMOVING amulet of guardian spirit.
  6305 | Temple   | 6305 ||| PLANNING D:1-11
  6305 | Temple   | 6305 ||| DROPPING amulet of guardian spirit.
  6613 | D:6      | 6613 ||| Stepping ~*~*~tactically~*~*~ (stealth).
  6615 | D:6      | 6615 ||| Stepping ~*~*~tactically~*~*~ (stealth).
  6711 | D:6      | Reached XP level 9. HP: 54/54 MP: 13/13
  7100 | D:6      | 7100 ||| Stepping ~*~*~tactically~*~*~ (stealth).
  7391 | D:6      | 7391 ||| Stepping ~*~*~tactically~*~*~ (stealth).
  7394 | D:6      | 7394 ||| Stepping ~*~*~tactically~*~*~ (stealth).
  7402 | D:6      | 7402 ||| Stepping ~*~*~tactically~*~*~ (stealth).
  7407 | D:6      | 7407 ||| FLEEEEING.
  7408 | D:6      | 7408 ||| FLEEEEING.
  7409 | D:6      | 7409 ||| FLEEEEING.
  7410 | D:6      | 7410 ||| FLEEEEING.
  7411 | D:6      | 7411 ||| FLEEEEING.
  7412 | D:6      | 7412 ||| FLEEEEING.
  7413 | D:6      | 7413 ||| FLEEEEING.
  7414 | D:6      | 7414 ||| FLEEEEING.
  7415 | D:6      | 7415 ||| FLEEEEING.
  7434 | D:6      | 7434 ||| FLEEEEING.
  7500 | D:6      | 7500 ||| READING scroll labelled JUTUKU EKKIPREX.
  7501 | D:6      | 7501 ||| READING scroll labelled ELLATYDEUSA.
  7502 | D:6      | 7502 ||| DRINKING 2 sapphire potions.
  7503 | D:6      | 7503 ||| READING 2 scrolls of identify.
  7503 | D:6      | 7503 ||| IDENTIFYING ruby potion
  7629 | D:7      | 7629 ||| Stepping ~*~*~tactically~*~*~ (stealth).
  7640 | D:7      | Reached skill level 11 in Axes
  7858 | D:7      | 7858 ||| Stepping ~*~*~tactically~*~*~ (hiding).
  7864 | D:7      | Reached * piety under Okawaru
  8025 | D:7      | 8025 ||| Stepping ~*~*~tactically~*~*~ (hiding).
  8032 | D:7      | 8032 ||| INVOKING Heroism.
  8138 | D:7      | 8138 ||| INVOKING Heroism.
  8142 | D:7      | Reached skill level 1 in Invocations
  8403 | D:7      | Noticed a kobold demonologist
  8413 | D:7      | Killed a kobold demonologist
  8427 | D:7      | Noticed Dowan
  8455 | D:7      | 8455 ||| Stepping ~*~*~tactically~*~*~ (hiding).
  8458 | D:7      | 8458 ||| INVOKING Heroism.
  8462 | D:7      | Killed Dowan
  8497 | D:7      | 8497 ||| INVOKING Heroism.
  8507 | D:7      | Reached skill level 3 in Invocations
  8673 | D:7      | 8673 ||| SWAPPING to +0 antimagic war axe.
  8674 | D:7      | 8674 ||| DROPPING +1 war axe.
  8807 | D:7      | Noticed Duvessa
  8808 | D:7      | 8808 ||| INVOKING Heroism.
  8815 | D:7      | Killed Duvessa
  8816 | D:7      | Reached skill level 12 in Axes
  8917 | D:7      | 8917 ||| READING scroll labelled ZAUXTEONTOM.
  8918 | D:7      | 8918 ||| DRINKING 2 gluggy clear potions.
  8919 | D:7      | 8919 ||| DRINKING 2 brown potions.
  8920 | D:7      | 8920 ||| READING 3 scrolls of identify.
  8920 | D:7      | 8920 ||| IDENTIFYING silvery potion
  8921 | D:7      | 8921 ||| READING 2 scrolls of identify.
  8921 | D:7      | 8921 ||| IDENTIFYING black potion
  8922 | D:7      | 8922 ||| DROPPING potion of lignification.
  8923 | D:7      | 8923 ||| DROPPING potion of attraction.
  8924 | D:7      | 8924 ||| DROPPING potion of brilliance.
  8973 | D:8      | 8973 ||| INVOKING Heroism.
  8975 | D:8      | 8975 ||| STAIRDANCE
  8997 | D:8      | 8997 ||| STAIRDANCE
  9008 | D:7      | Reached XP level 10. HP: 54/59 MP: 4/14
  9035 | D:8      | 9035 ||| STAIRDANCE
  9130 | D:8      | Noticed a death yak
  9131 | D:8      | 9131 ||| INVOKING Heroism.
  9131 | D:8      | Noticed a death yak
  9133 | D:8      | 9133 ||| Stepping ~*~*~tactically~*~*~ (stealth).
  9142 | D:8      | HP: 3/59 [death yak (21)]
  9143 | D:8      | 9143 ||| READING 2 scrolls of teleportation.
  9143 | D:8      | Mangled by a death yak

Levels and vault maps discovered:
D:1:      mrwooster_arrival_statue_2, layout_loops_corners
D:2:      minmay_roachtagon, layout_loops_ring,
          hellmonk_ecumenical_altar_heavens_door, serial_shops, shop,
          nicolae_shop_waterfront
D:3:      layout_basic, general_overflow_altar
D:4:      layout_loops_ring, hellmonk_ghost_happy_afterlife, uniq_robin,
          uniq_blork_the_orc
D:5:      layout_cave_pools, minmay_temple_entry_enclosed_plants,
          portal_sewer_entry_b, uniq_pikel
D:6:      layout_loops_ring
D:7:      layout_loops_corners, uniq_duvessa
D:8:      layout_basic, dpeg_lair_monsters, gammafunk_ghost_hive,
          serial_aquarium, aquarium_bridge_square [aquarium_subvault_window,
          aquarium_subvault_bridge, aquarium_subvault_window,
          aquarium_subvault_window], aquarium_window_2, aquarium_window_corner,
          aquarium_window_double, aquarium_view_2c, aquarium_view_2c,
          aquarium_pool_2, chequers_jeans
Temple:   compressed_dpeg_circular_temple

Skill      XL: |  1  2  3  4  5  6  7  8  9 10 |
---------------+-------------------------------+-----
Axes           | 3 4 5 6 7 10 12 | 12.0
Armour         | 3 4 |  4.2
Fighting       | 3 5 |  5.4
Dodging        | 3 4 |  4.1
Invocations    | 3 4 |  4.0
Throwing       | |  1.0
Spellcasting   | |  2.0
Translocations | |  2.4

Action                   |  1- 3 |  4- 6 |  7- 9 | 10-12 || total
-------------------------+-------+-------+-------+-------++-------
Melee: Hand axe          |    73 |    85 |       |       ||   158
       Peck              |    10 |     7 |    50 |     3 ||    70
       Kick              |    12 |    26 |    82 |     4 ||   124
       War axe           |       |    16 |   256 |    14 ||   286
       Punch             |       |     1 |     5 |       ||     6
Throw: Boomerang         |     7 |       |    44 |     1 ||    52
Invok: Heroism           |       |       |     6 |     1 ||     7
  Use: Scroll            |     6 |       |     6 |     1 ||    13
       Potion            |       |     1 |     3 |       ||     4
Armor: Leather armour    |    12 |       |       |       ||    12
       Chain mail        |     3 |    45 |    94 |     7 ||   149
Dodge: Dodged            |    29 |    29 |   137 |     9 ||   204

Table legend:
 A = Non-vault XP
 B = Vault XP
 C = Vault XP percentage of total XP
 D = Non-vault monster count
 E = Vault monster count
 F = Vault count percentage of total count
                 A         B        C        D         E       F
            +---------+---------+-------+---------+---------+-------
      Total |    3724 |    1064 |  22.2 |     146 |      30 |  17.0
            +---------+---------+-------+---------+---------+-------
        D:1 |      23 |       0 |   0.0 |      15 |       0 |   0.0
        D:2 |      36 |      16 |  30.8 |      14 |       8 |  36.4
        D:3 |      58 |       0 |   0.0 |      20 |       0 |   0.0
        D:4 |     360 |     130 |  26.5 |      22 |      12 |  35.3
        D:5 |     701 |     707 |  50.2 |      24 |       8 |  25.0
        D:6 |     837 |       0 |   0.0 |      21 |       0 |   0.0
        D:7 |    1605 |     211 |  11.6 |      27 |       2 |   6.9
        D:8 |     104 |       0 |   0.0 |       3 |       0 |   0.0
            +---------+---------+-------+---------+---------+-------
